 Dungeon Crawl Stone Soup version 0.28.0-53-g5a82cb258f (webtiles) character file.

Game seed: 16383671097573488378

60 nickcage the Slasher (level 4, -4/34 HPs)
             Began as a Formicid Gladiator on June 27, 2022.
             Slain by Natasha (5 damage)
             ... on level 2 of the Dungeon.
             The game lasted 00:03:31 (1346 turns).

nickcage the Slasher (Formicid Gladiator)           Turns: 1346, Time: 00:03:32

Health: -4/34      AC:  6    Str: 20    XL:     4   Next: 24%
Magic:  4/4        EV: 10    Int:  8    God:
Gold:   59         SH:  0    Dex: 12    Spells: 3/3 levels left

rFire   . . .      SeeInvis +   a - +0 long sword
rCold   . . .      Faith    .   (no shield)
rNeg    . . .      Spirit   .   d - +0 scale mail
rPois   .          Reflect  .   (helmet unavailable)
rElec   .          Harm     .   (no cloak)
rCorr   .          Rampage  .   (no gloves)
Will    .....                   (no boots)
Stlth   ..........              (no amulet)
HPRegen 0.11/turn               (no ring)
MPRegen 0.09/turn               (no ring)

@: no status effects
A: permanent stasis, dig shafts and tunnels, antennae 3, four strong arms
a: Dig, Shaft Self


You were on level 2 of the Dungeon.
You visited 1 branch of the dungeon, and saw 2 of its levels.

You collected 59 gold pieces.

Inventory:

Hand Weapons
 a - a +0 long sword (weapon)
Missiles
 c - 3 throwing nets
 g - 10 poisoned darts (quivered)
Armour
 b - a +0 leather armour
 d - a +0 scale mail (worn)
Scrolls
 h - 2 scrolls of noise {unknown}
Potions
 e - 4 potions of curing {unknown}
 f - a potion of haste {unknown}


   Skills:
 + Level 2.5 Fighting
 * Level 4.6 Long Blades
 - Level 2.0 Throwing
 - Level 2.6 Dodging


You had 3 spell levels left.
You didn't know any spells.
Your spell library was empty.

Dungeon Overview and Level Annotations

Branches:
Dungeon (2/15)

Altars:

Shops:
D:1 :

Annotations:
D:2 Natasha


Innate Abilities, Weirdness & Mutations

You cannot be hasted, slowed, berserked, paralysed or teleported.
You can dig through walls and to a lower floor.
You have a pair of large antennae on your head. (SInv)
Your four strong arms can wield two-handed weapons with a shield.


Message History

You sense a monster nearby.
No target in view!
h - 2 scrolls labelled XIADDAAVOI Natasha, Servant of Life and Death comes into view.
Natasha hisses angrily.
Natasha casts a spell.
You see here a ring of ice.
Natasha drinks a potion.
Natasha suddenly seems more resistant.
The shadow imp hits you.
You hit the shadow imp.
The shadow imp is lightly wounded.
The shadow imp hits you but does no damage.
You hit the shadow imp.
The shadow imp is moderately wounded.
The shadow imp hits you. Natasha claws you!
You hit the shadow imp.
The shadow imp is severely wounded.
The shadow imp gestures at you. Pain shoots through your body!
Natasha claws you.
You are too injured to fight recklessly!
You are too injured to fight recklessly!
You are too injured to fight recklessly!
You closely miss Natasha. The shadow imp barely misses you. Natasha claws you.
You hit Natasha.
Natasha is lightly wounded.
The shadow imp hits you.
* * * LOW HITPOINT WARNING * * *
Natasha closely misses you.
You closely miss Natasha.
Natasha is lightly wounded.
The shadow imp hits you.
* * * LOW HITPOINT WARNING * * *
Natasha claws you.
* * * LOW HITPOINT WARNING * * *
The shadow imp grinds its teeth.
The shadow imp barely misses you.
You hit Natasha.
Natasha is lightly wounded.
Natasha claws you.
You die...

.># ## ####### #<#..
#.....## #.#.# #
#######.#....# #.#.##.#
##.......#<...###......#
##†..#..###.##.##....####
......#...÷.#.##.##..###
####..#........#.##..#
#....#......5@.=..#
##.#...<....h####.#
#...##......# #.#
#.###.....###### #.#
#.........###### #.#
...............## #.#
####...#..#.....# #.#
#.#.##.#.....# #†#
...#..........# #.#


You could see Natasha (resistant) and a shadow imp (summoned).

Vanquished Creatures
  Natasha (D:2)
  A worm (D:2)
  A dart slug (D:1)
  4 endoplasms
  3 giant cockroaches (D:1)
  A goblin (D:1)
  4 hobgoblins
  4 ball pythons
  4 bats
  2 frilled lizards (D:1)
  2 kobolds (D:1)
  2 rats (D:1)
29 creatures vanquished.

Notes
Turn   | Place    | Note
-------+----------+-------------------------------------------
     0 | D:1      | nickcage the Formicid Gladiator began the quest for the
                  | Orb.
     0 | D:1      | Reached XP level 1. HP: 16/16 MP: 1/1
   177 | D:1      | Reached XP level 2. HP: 13/22 MP: 2/2
   576 | D:1      | Found a faded altar of an unknown god.
   752 | D:1      | Reached XP level 3. HP: 24/28 MP: 3/3
   864 | D:1      | Reached skill level 4 in Long Blades
   929 | D:1      | Found Yneik's Book Shop.
  1106 | D:2      | Noticed Natasha
  1117 | D:2      | Killed Natasha
  1118 | D:2      | Reached XP level 4. HP: 33/34 MP: 4/4
  1336 | D:2      | Noticed Natasha
  1345 | D:2      | HP: 1/34 [Natasha (5)]
  1346 | D:2      | Slain by Natasha

Illustrated notes

Levels and vault maps discovered:
D:1:      ebering_trefoil_twist, layout_loops_ring,
          hellmonk_ecumenical_altar_lost_god, serial_shops,
          nicolae_shop_behind_doors, minmay_misc_feat_ornament
D:2:      layout_basic, chequers_serial_rivers_micro_e, uniq_natasha

Skill      XL: |  1  2  3 |
---------------+----------+-----
Long Blades    | 4 |  4.6
Fighting       | |  2.5
Throwing       | |  2.0
Dodging        | |  2.6

Action                   |  1- 3 |  4- 6 || total
-------------------------+-------+-------++-------
Melee: Long sword        |    73 |    23 ||    96
Throw: Dart              |     1 |       ||     1
Armor: Scale mail        |    40 |     2 ||    42
Dodge: Dodged            |    50 |    14 ||    64
